| TOP OF THE 1ST |
|
Tijuana Toros batting - Pitching for Amarillo ThunderHeads : RHP Rob Fisher
|
|
Pitching: RHP Rob Fisher
|
|
|
Batting: SHB Erick Hamburger
|
0-0: Foul Ball, location: 2F 0-1: Called Strike 0-2: Ground out U3 (Groundball, 3, EV 89.4 MPH)
|
|
Batting: RHB Guo Kwok
|
0-0: Ground out 4-3 (Groundball, 4, EV 78.1 MPH)
|
|
Batting: RHB Shiki Nomoto
|
0-0: Swinging Strike 0-1: Ball 1-1: DOUBLE (Flyball, 89XD, EV 101.2 MPH)
|
|
Batting: RHB Will Barksdale
|
0-0: Foul Ball, location: 2F 0-1: Swinging Strike 0-2: Ground out 6-3 (Groundball, 56D, EV 111.2 MPH)
|
| Top of the 1st over - 0 runs, 1 hit, 0 errors, 1 left on base; Tijuana 0 - Amarillo 0 |
| BOTTOM OF THE 1ST |
|
Amarillo ThunderHeads batting - Pitching for Tijuana Toros : LHP Antonio Sandoval
|
|
Pitching: LHP Antonio Sandoval
|
|
|
Batting: RHB Sam Voss
|
0-0: Ball 1-0: Called Strike 1-1: Called Strike 1-2: Ball 2-2: Strikes out swinging
|
|
Batting: RHB Evan Fry
|
0-0: Called Strike 0-1: Swinging Strike 0-2: Strikes out swinging
|
|
Batting: LHB Danny Moreno
|
0-0: Ball 1-0: Foul Ball, location: 2F 1-1: Ground out 6-3 (Groundball, 4MD, EV 90.0 MPH)
|
| Bottom of the 1st over - 0 runs, 0 hits, 0 errors, 0 left on base; Tijuana 0 - Amarillo 0 |
| TOP OF THE 2ND |
|
Tijuana Toros batting - Pitching for Amarillo ThunderHeads : RHP Rob Fisher
|
|
Batting: RHB Tan-ming Kwan
|
0-0: Ground out 1-3 (Groundball, 13S, EV 74.4 MPH)
|
|
Batting: RHB Jerry Afghani
|
0-0: Swinging Strike 0-1: Fly out, F7 (Flyball, 78M, EV 90.0 MPH)
|
|
Batting: RHB Yok-sing Zhào
|
0-0: Swinging Strike 0-1: Ball 1-1: Ball 2-1: Swinging Strike 2-2: Ball 3-2: Strikes out swinging
|
| Top of the 2nd over - 0 runs, 0 hits, 0 errors, 0 left on base; Tijuana 0 - Amarillo 0 |
| BOTTOM OF THE 2ND |
|
Amarillo ThunderHeads batting - Pitching for Tijuana Toros : LHP Antonio Sandoval
|
|
Batting: RHB Ryan Salas
|
0-0: Foul Ball, location: 2F 0-1: Swinging Strike 0-2: Ball 1-2: Fly out, F9 (Flyball, 9D, EV 101.2 MPH)
|
|
Batting: RHB Timotheus Cooper
|
0-0: Ball 1-0: Foul Ball, location: 2F 1-1: Foul Ball, location: 2F 1-2: Ball 2-2: DOUBLE (Groundball, 5L, EV 108.8 MPH)
|
|
Batting: LHB Carlos Guajardo
|
0-0: Called Strike 0-1: Foul Ball, location: 2F 0-2: Strikes out looking
|
|
Batting: RHB Pat Martin
|
0-0: Fly out, F7 (Line Drive, 7, EV 105.0 MPH)
|
| Bottom of the 2nd over - 0 runs, 1 hit, 0 errors, 1 left on base; Tijuana 0 - Amarillo 0 |
| TOP OF THE 3RD |
|
Tijuana Toros batting - Pitching for Amarillo ThunderHeads : RHP Rob Fisher
|
|
Batting: RHB Mario Diaz
|
0-0: Called Strike 0-1: Ball 1-1: Fly out, F8 (Flyball, 8RD, EV 100.0 MPH)
|
|
Batting: RHB Clay Holgate
|
0-0: Ball 1-0: Swinging Strike 1-1: Ground out 5-3 (Groundball, 56, EV 88.8 MPH)
|
|
Batting: SHB Erick Hamburger
|
0-0: Ball 1-0: Ball 2-0: Ball 3-0: Base on Balls
|
|
Batting: RHB Guo Kwok
|
0-0: Ball 1-0: Called Strike 1-1: Called Strike 1-2: Reached on error, E6 (Groundball, 6, EV 88.1 MPH) Erick Hamburger to second
|
|
Batting: RHB Shiki Nomoto
|
0-0: Swinging Strike 0-1: Ball 1-1: Ball 2-1: Fielders Choice at 2nd, 6-4 (Groundball, 56D, EV 81.9 MPH)
|
| Top of the 3rd over - 0 runs, 0 hits, 1 error, 2 left on base; Tijuana 0 - Amarillo 0 |
| BOTTOM OF THE 3RD |
|
Amarillo ThunderHeads batting - Pitching for Tijuana Toros : LHP Antonio Sandoval
|
|
Batting: RHB Eddie Vanderjagt
|
0-0: Called Strike 0-1: Ball 1-1: Fly out, F8 (Line Drive, 89M, EV 98.1 MPH)
|
|
Batting: RHB Jorge Balderama
|
0-0: Ball 1-0: Foul Ball, location: 2F 1-1: Ball 2-1: Foul Ball, location: 2F 2-2: Strikes out swinging, 2-3 out at first.
|
|
Batting: RHB Sam Voss
|
0-0: Foul Ball, location: 2F 0-1: Swinging Strike 0-2: Foul Ball, location: 2F 0-2: Ball 1-2: Ball 2-2: Foul Ball, location: 2F 2-2: Strikes out swinging, 2-3 out at first.
|
| Bottom of the 3rd over - 0 runs, 0 hits, 0 errors, 0 left on base; Tijuana 0 - Amarillo 0 |
| TOP OF THE 4TH |
|
Tijuana Toros batting - Pitching for Amarillo ThunderHeads : RHP Rob Fisher
|
|
Batting: RHB Will Barksdale
|
0-0: Called Strike 0-1: Ground out 6-3 (Groundball, 6, EV 85.6 MPH)
|
|
Batting: RHB Tan-ming Kwan
|
0-0: Ball 1-0: Ball 2-0: Foul Ball, location: 2F 2-1: Ball 3-1: Foul Ball, location: 2F 3-2: Foul Ball, location: 2F 3-2: Strikes out swinging
|
|
Batting: RHB Jerry Afghani
|
0-0: Called Strike 0-1: Ball 1-1: Swinging Strike 1-2: Foul Ball, location: 2F 1-2: Strikes out swinging
|
| Top of the 4th over - 0 runs, 0 hits, 0 errors, 0 left on base; Tijuana 0 - Amarillo 0 |
| BOTTOM OF THE 4TH |
|
Amarillo ThunderHeads batting - Pitching for Tijuana Toros : LHP Antonio Sandoval
|
|
Batting: RHB Evan Fry
|
0-0: Foul Ball, location: 2F 0-1: Ball 1-1: Ball 2-1: Foul Ball, location: 2F 2-2: Ball 3-2: Strikes out swinging
|
|
Batting: LHB Danny Moreno
|
0-0: Foul Ball, location: 2F 0-1: Ball 1-1: Swinging Strike 1-2: Foul Ball, location: 2F 1-2: Ball 2-2: Ball 3-2: Base on Balls
|
|
Batting: RHB Ryan Salas
|
0-0: Ball Danny Moreno is caught stealing 2nd base 2-4 1-0: Foul Ball, location: 2F 1-1: SINGLE (Line Drive, 7S, EV 106.9 MPH)
|
|
Batting: RHB Timotheus Cooper
|
0-0: Fly out, F8 (Flyball, 89XD, EV 100.6 MPH)
|
| Bottom of the 4th over - 0 runs, 1 hit, 0 errors, 1 left on base; Tijuana 0 - Amarillo 0 |
| TOP OF THE 5TH |
|
Tijuana Toros batting - Pitching for Amarillo ThunderHeads : RHP Rob Fisher
|
|
Batting: RHB Yok-sing Zhào
|
0-0: Called Strike 0-1: Called Strike 0-2: Ball 1-2: Ground out 4-3 (Groundball, 34D, EV 111.2 MPH)
|
|
Batting: RHB Mario Diaz
|
0-0: Ball 1-0: Fly out, F8 (Flyball, 89M, EV 89.4 MPH)
|
|
Batting: RHB Clay Holgate
|
0-0: Called Strike 0-1: Called Strike 0-2: Strikes out swinging
|
| Top of the 5th over - 0 runs, 0 hits, 0 errors, 0 left on base; Tijuana 0 - Amarillo 0 |
| BOTTOM OF THE 5TH |
|
Amarillo ThunderHeads batting - Pitching for Tijuana Toros : LHP Antonio Sandoval
|
|
Batting: LHB Carlos Guajardo
|
0-0: Called Strike 0-1: Foul Ball, location: 2F 0-2: Ball 1-2: Ball 2-2: SINGLE (Groundball, 5L, EV 88.8 MPH) (infield hit)
|
|
Batting: RHB Pat Martin
|
0-0: Foul Ball, location: 2F 0-1: Ball 1-1: Called Strike 1-2: Strikes out looking
|
|
Batting: RHB Eddie Vanderjagt
|
0-0: Ball 1-0: Ball 2-0: Foul Ball, location: 2F 2-1: Fly out, F3 (Popup, 3SF, EV 78.1 MPH)
|
|
Batting: RHB Jorge Balderama
|
0-0: Ball 1-0: Called Strike 1-1: Ball 2-1: Ball 3-1: Base on Balls Carlos Guajardo to second
|
|
Batting: RHB Sam Voss
|
0-0: Ball 1-0: Fielders Choice at 2nd, 6-4 (Groundball, 6, EV 91.9 MPH)
|
| Bottom of the 5th over - 0 runs, 1 hit, 0 errors, 2 left on base; Tijuana 0 - Amarillo 0 |
| TOP OF THE 6TH |
|
Tijuana Toros batting - Pitching for Amarillo ThunderHeads : RHP Rob Fisher
|
|
Batting: SHB Erick Hamburger
|
0-0: Called Strike 0-1: Ball 1-1: Ball 2-1: Bunt - Flyout to 2R! F2
|
|
Batting: RHB Guo Kwok
|
0-0: Called Strike 0-1: Foul Ball, location: 2F 0-2: Ball 1-2: Ball 2-2: Ground out 6-3 (Groundball, 6S, EV 88.1 MPH)
|
|
Batting: RHB Shiki Nomoto
|
0-0: Ball 1-0: Foul Ball, location: 2F 1-1: SOLO HOME RUN (Flyball, 9D, EV 93.8 MPH), Distance : 351 ft
|
|
Batting: RHB Will Barksdale
|
0-0: Ball 1-0: Swinging Strike 1-1: Ball 2-1: Ball 3-1: Called Strike 3-2: Strikes out swinging
|
| Top of the 6th over - 1 run, 1 hit, 0 errors, 0 left on base; Tijuana 1 - Amarillo 0 |
| BOTTOM OF THE 6TH |
|
Amarillo ThunderHeads batting - Pitching for Tijuana Toros : LHP Antonio Sandoval
|
|
Batting: RHB Evan Fry
|
0-0: Ball 1-0: Ball 2-0: Ground out 4-3 (Groundball, 4M, EV 110.0 MPH)
|
|
Batting: LHB Danny Moreno
|
0-0: Ball 1-0: SINGLE (Groundball, 4MS, EV 71.2 MPH) (infield hit)
|
|
Batting: RHB Ryan Salas
|
0-0: Ball 1-0: Swinging Strike 1-1: Ball 2-1: Swinging Strike 2-2: Foul Ball, location: 2F 2-2: Ball 3-2: Base on Balls Danny Moreno to second
|
|
Batting: RHB Timotheus Cooper
|
0-0: Called Strike 0-1: Ball 1-1: Called Strike 1-2: Foul Ball, location: 2F 1-2: Foul Ball, location: 2F 1-2: Foul Ball, location: 2F 1-2: Fielders Choice at 2nd, 6-4 (Groundball, 6M, EV 86.9 MPH) Danny Moreno to third
|
|
Pinch Hitting: RHB Bill Flannery
|
0-0: Foul Ball, location: 2F 0-1: Ball 1-1: Ball 2-1: Foul Ball, location: 2F 2-2: Ball 3-2: Foul Ball, location: 2F 3-2: Base on Balls Timotheus Cooper to second
|
|
Pitching: RHP Matt Radovich
|
|
|
Pinch Hitting: RHB Eric Juarez
|
0-0: SINGLE (Line Drive, 7S, EV 90.0 MPH) Danny Moreno scores Timotheus Cooper to third Bill Flannery to second
|
|
Pinch Hitting: RHB Eulogio Loureiro
|
0-0: Foul Ball, location: 2F 0-1: Ball 1-1: Fly out, F9 (Flyball, 89S, EV 76.9 MPH)
|
| Bottom of the 6th over - 1 run, 2 hits, 0 errors, 3 left on base; Tijuana 1 - Amarillo 1 |
| TOP OF THE 7TH |
|
Tijuana Toros batting - Pitching for Amarillo ThunderHeads : RHP Rob Fisher
|
|
Now at 1B: Bill Flannery
|
|
|
Now at 2B: Tyler Romo
|
|
|
Now at 3B: Josh Shoemaker
|
|
|
Batting: RHB Tan-ming Kwan
|
0-0: Called Strike 0-1: Swinging Strike 0-2: Strikes out swinging
|
|
Batting: RHB Jerry Afghani
|
0-0: Called Strike 0-1: Swinging Strike 0-2: Strikes out swinging
|
|
Batting: RHB Yok-sing Zhào
|
0-0: Ball 1-0: Called Strike 1-1: Ball 2-1: SINGLE (Groundball, 34D, EV 98.8 MPH)
|
|
Batting: RHB Mario Diaz
|
0-0: Fly out, F8 (Flyball, 8RD, EV 101.2 MPH)
|
| Top of the 7th over - 0 runs, 1 hit, 0 errors, 1 left on base; Tijuana 1 - Amarillo 1 |
| BOTTOM OF THE 7TH |
|
Amarillo ThunderHeads batting - Pitching for Tijuana Toros : RHP Matt Radovich
|
|
Pinch Hitting: RHB Shi-fu Cuan
|
0-0: Called Strike 0-1: Ball 1-1: Ball 2-1: Ball 3-1: Foul Ball, location: 2F 3-2: Reached on error, E4 (Groundball, 4, EV 82.5 MPH)
|
|
Pitching: RHP Chris Moody
|
|
|
Batting: RHB Sam Voss
|
0-0: Bunted foul 0-1: Sac Bunt to 13S - play at second, runner OUT! 1-6
|
|
Batting: RHB Evan Fry
|
0-0: Called Strike Sam Voss is caught stealing 2nd base 2-4 0-1: Swinging Strike 0-2: Ball 1-2: Fly out, F8 (Flyball, 8RD, EV 110.0 MPH)
|
| Bottom of the 7th over - 0 runs, 0 hits, 1 error, 0 left on base; Tijuana 1 - Amarillo 1 |
| TOP OF THE 8TH |
|
Tijuana Toros batting - Pitching for Amarillo ThunderHeads : RHP Rob Fisher
|
|
Now in LF: Mike Gruszewski
|
|
|
Batting: RHB John Hanson
|
0-0: Called Strike 0-1: Called Strike 0-2: Strikes out swinging, 2-3 out at first.
|
|
Batting: SHB Erick Hamburger
|
0-0: Ball 1-0: Ball 2-0: Ball 3-0: Called Strike 3-1: Fly out, F9 (Flyball, 9LS, EV 90.6 MPH)
|
|
Batting: RHB Guo Kwok
|
0-0: Hit by Pitch
|
|
Pitching: LHP Matt Hawk
|
|
|
Batting: RHB Shiki Nomoto
|
0-0: Called Strike 0-1: Ball 1-1: Fielders Choice at 2nd, 6-4 (Groundball, 6, EV 81.9 MPH)
|
| Top of the 8th over - 0 runs, 0 hits, 0 errors, 1 left on base; Tijuana 1 - Amarillo 1 |
| BOTTOM OF THE 8TH |
|
Amarillo ThunderHeads batting - Pitching for Tijuana Toros : RHP Chris Moody
|
|
Pitching: RHP Karl Sullivan
|
|
|
Batting: LHB Danny Moreno
|
0-0: Called Strike 0-1: Foul Ball, location: 2F 0-2: Foul Ball, location: 2F 0-2: Ground out 6-3 (Groundball, 4S, EV 81.9 MPH)
|
|
Pitching: RHP Brian Krejci
|
|
|
Batting: RHB Ryan Salas
|
0-0: Ball 1-0: Called Strike 1-1: SINGLE (Groundball, 4MD, EV 103.1 MPH)
|
|
Batting: RHB Timotheus Cooper
|
0-0: Foul Ball, location: 2F 0-1: Ball 1-1: Swinging Strike 1-2: Ball 2-2: Ball 3-2: Base on Balls Ryan Salas to second
|
|
Batting: RHB Bill Flannery
|
0-0: Ball 1-0: Foul Ball, location: 2F 1-1: Foul Ball, location: 2F 1-2: Foul Ball, location: 2F 1-2: Fly out, F7 (Flyball, 7, EV 89.4 MPH)
|
|
Batting: RHB Josh Shoemaker
|
0-0: Ball 1-0: Ball 2-0: Ball 3-0: Called Strike 3-1: Foul Ball, location: 2F 3-2: Ground out 6-3 (Groundball, 6, EV 85.6 MPH)
|
| Bottom of the 8th over - 0 runs, 1 hit, 0 errors, 2 left on base; Tijuana 1 - Amarillo 1 |
| TOP OF THE 9TH |
|
Tijuana Toros batting - Pitching for Amarillo ThunderHeads : LHP Matt Hawk
|
|
Batting: RHB Will Barksdale
|
0-0: Called Strike 0-1: Swinging Strike 0-2: Foul Ball, location: 2F 0-2: Ball 1-2: Ball 2-2: Ball 3-2: Strikes out swinging
|
|
Batting: RHB Tan-ming Kwan
|
0-0: Ground out 2-3 (Groundball, 15S, EV 66.9 MPH)
|
|
Batting: RHB Jerry Afghani
|
0-0: Foul Ball, location: 2F 0-1: Foul Ball, location: 2F 0-2: Strikes out looking
|
| Top of the 9th over - 0 runs, 0 hits, 0 errors, 0 left on base; Tijuana 1 - Amarillo 1 |
| BOTTOM OF THE 9TH |
|
Amarillo ThunderHeads batting - Pitching for Tijuana Toros : RHP Brian Krejci
|
|
Pitching: RHP Bill Dyck
|
|
|
Batting: SHB Tyler Romo
|
0-0: Swinging Strike 0-1: Ball 1-1: Ball 2-1: Ball 3-1: Foul Ball, location: 2F 3-2: Ground out 4-3 (Groundball, 34, EV 82.5 MPH)
|
|
Pinch Hitting: RHB Zhong See-to
|
0-0: Ball 1-0: Called Strike 1-1: Called Strike 1-2: Ball 2-2: Foul Ball, location: 2F 2-2: Ball 3-2: Foul Ball, location: 2F 3-2: Strikes out looking
|
|
Batting: RHB Sam Voss
|
0-0: Called Strike 0-1: Ball 1-1: Ground out U3 (Groundball, 34, EV 86.9 MPH)
|
| Bottom of the 9th over - 0 runs, 0 hits, 0 errors, 0 left on base; Tijuana 1 - Amarillo 1 |
| TOP OF THE 10TH |
|
Tijuana Toros batting - Pitching for Amarillo ThunderHeads : LHP Matt Hawk
|
|
Pitching: LHP Ruben Lopez
|
|
|
Now in LF: Sam Voss
|
|
|
Now in CF: Tony Cisneros
|
|
|
Batting: RHB Yok-sing Zhào
|
0-0: Ball 1-0: Ball 2-0: Ball 3-0: Base on Balls
|
|
Batting: RHB Mario Diaz
|
0-0: Ball 1-0: Sac Bunt to 3S - play at first, batter OUT! 3-1 Yok-sing Zhào to second
|
|
Batting: RHB John Hanson
|
0-0: Intentional Walk
|
|
Batting: SHB Erick Hamburger
|
0-0: Foul Ball, location: 2F 0-1: Ball 1-1: SINGLE (Flyball, 8LS, EV 86.2 MPH) Yok-sing Zhào to third John Hanson to second
|
|
Batting: RHB Guo Kwok
|
0-0: Ball 1-0: Ball 2-0: Called Strike 2-1: Ball 3-1: Swinging Strike 3-2: Foul Ball, location: 2F 3-2: Base on Balls Yok-sing Zhào scores John Hanson to third Erick Hamburger to second
|
|
Batting: RHB Shiki Nomoto
|
0-0: Ball 1-0: Fly out, F8 (Line Drive, 8RM, EV 94.4 MPH) Runner from 3rd tags up, SCORES, throw by CF Erick Hamburger to third
|
|
Pitching: RHP Jose Ramirez
|
|
|
Batting: RHB Will Barksdale
|
0-0: Called Strike 0-1: Ball 1-1: SINGLE (Groundball, 56D, EV 96.9 MPH) Erick Hamburger scores Guo Kwok to second
|
|
Batting: RHB Tan-ming Kwan
|
0-0: Ball 1-0: Ground out 3-1 (Groundball, 34, EV 107.5 MPH)
|
| Top of the 10th over - 3 runs, 2 hits, 0 errors, 2 left on base; Tijuana 4 - Amarillo 1 |
| BOTTOM OF THE 10TH |
|
Amarillo ThunderHeads batting - Pitching for Tijuana Toros : RHP Bill Dyck
|
|
Batting: RHB Evan Fry
|
0-0: Ball 1-0: Ground out U3 (Groundball, 3L, EV 86.9 MPH)
|
|
Batting: LHB Danny Moreno
|
0-0: Called Strike 0-1: Ball 1-1: Foul Ball, location: 2F 1-2: Ball 2-2: Foul Ball, location: 2F 2-2: Ball 3-2: Foul Ball, location: 2F 3-2: Foul Ball, location: 2F 3-2: Foul Ball, location: 2F 3-2: DOUBLE (Line Drive, 89M, EV 109.4 MPH)
|
|
Batting: RHB Ryan Salas
|
0-0: Ground out 5-3 (Groundball, 56S, EV 66.9 MPH) Danny Moreno to third
|
|
Batting: RHB Timotheus Cooper
|
0-0: Called Strike 0-1: Foul Ball, location: 2F 0-2: Strikes out swinging
|
| Bottom of the 10th over - 0 runs, 1 hit, 0 errors, 1 left on base; Tijuana 4 - Amarillo 1 |
|